 Dungeon Crawl Stone Soup version 0.26-a0-113-gd8a95b691d (webtiles) character file.

Game seed: 13779955929625945866

297 Gargoyl the Skirmisher (level 6, -2/52 HPs)
             Began as a Centaur Abyssal Knight on June 27, 2020.
             Was a Priest of Lugonu.
             Slain by an ogre
             ... wielding a +0 giant spiked club
              (18 damage)
             ... on level 4 of the Dungeon.
             The game lasted 00:08:07 (4015 turns).

Gargoyl the Skirmisher (Centaur Abyssal Knight)     Turns: 4015, Time: 00:08:07

Health: -2/52      AC:  9    Str: 15    XL:     6   Next: 12%
Magic:  8/8        EV:  5    Int: 11    God:    Lugonu [***...]
Gold:   232        SH:  5    Dex: 10    Spells: 5/5 levels left

rFire    . . .     SeeInvis +   a - +1 hand axe
rCold    . . .     Faith    .   (no shield)
rNeg     . . .     Spirit   .   e - +0 chain mail
rPois    .         Reflect  +   (no helmet)
rElec    .         Harm     .   r - +0 cloak
rCorr    .                      (no gloves)
MR       +....                  (no barding)
Stlth    ..........             n - amulet of reflection
HPRegen  0.17/turn              i - ring of protection from magic
MPRegen  0.11/turn              q - ring of see invisible

@: very quick
A: large, hooves 3, deformed body, speed 2, tough skin 3
a: Depart the Abyss, Bend Space, Banish, Renounce Religion


You were on level 4 of the Dungeon.
You worshipped Lugonu.
Lugonu was most pleased with you.
You were very hungry.

You visited 1 branch of the dungeon, and saw 4 of its levels.
You visited the Abyss 1 time.

You collected 232 gold pieces.

Inventory:

Hand Weapons
 a - a +1 hand axe (weapon)
Missiles
 d - 7 javelins (quivered)
Armour
 e - a +0 chain mail (worn)
 r - a +0 cloak (worn)
Jewellery
 i - a ring of protection from magic (left hand)
 n - an amulet of reflection (around neck)
 o - an uncursed ring of resist corrosion
 q - a ring of see invisible (right hand)
Scrolls
 f - 2 scrolls of identify
 g - a scroll of fear {unknown}
 h - a scroll of teleportation
 j - a scroll of remove curse {unknown}
 l - a scroll of magic mapping
Potions
 k - 3 potions of invisibility
 m - a potion of heal wounds
 p - a potion of lignification
 s - a potion of flight {unknown}
Comestibles
 c - 7 rations


   Skills:
 + Level 3.9 Fighting
 + Level 3.1 Axes
 * Level 3.0 Armour
 * Level 1.6 Dodging
 * Level 3.1 Invocations


You had 5 spell levels left.
You didn't know any spells.
Your spell library was empty.

Dungeon Overview and Level Annotations

Branches:
Dungeon (4/15)
 Temple: D:4-7

Altars:
Elyvilon
Gozag
Kikubaaqudgha
Nemelex Xobeh
Ru
Zin


Innate Abilities, Weirdness & Mutations

You have hooves in place of feet.
Armour fits poorly on your strangely shaped body.
You cover ground very quickly.
You have extremely tough skin. (AC +3)


Message History

You hear the hiss of flowing sand.
There is an entrance to an ossuary on this level.
Hurry and find it before the portal is buried!
You hear the quick hiss of a distant avalanche of sand.
The ogre hits you with a +0 giant spiked club.
There is a stone staircase leading up, spattered with blood here.
You hit the ogre. You kick the ogre!
The ogre is heavily wounded.
The ogre barely misses you.
You barely miss the ogre.
The ogre is heavily wounded.
The ogre hits you with a +0 giant spiked club!
You hit the ogre.
The ogre is heavily wounded.
The ogre hits you with a +0 giant spiked club!!
You slash the ogre!
The ogre is severely wounded.
You hit the ogre. Your kick misses the ogre.
The ogre is almost dead.
The ogre hits you with a +0 giant spiked club!!
You die...

#..# # ##..## # #>...## ##
#.....## ##. ### ##.....# #..
#..# #.....# ##.. ....# #.....#
#..# ..... #######....### ##..#
.....#########..@.........###..##
(........†.......O..........#..#
........#######.........#.....##
.......## ######.....#....#
.......# #.....###..# ..##..##
##....###..# # #... #.....##..#
#..# #.....##..# ..O ##.........


You could see an ogre.

Vanquished Creatures
  A bullfrog (D:4)
  Crazy Yiuf (D:2)
  An orc priest (D:3)
  An iguana (D:4)
  Robin (D:2)
  A gnoll (D:1)
  3 adders (D:3)
  An ooze (D:1)
  A worm (D:3)
  2 dart slugs
  A leopard gecko (D:4)
  6 orcs
  11 bats
  5 giant cockroaches
  13 goblins
  7 hobgoblins
  7 jackals
  2 ball pythons
  5 frilled lizards
  6 kobolds
  7 rats
83 creatures vanquished.

Notes
Turn   | Place    | Note
-------+----------+-------------------------------------------
     0 | Abyss:1  | Gargoyl the Centaur Abyssal Knight began the quest for the
                  | Orb.
     0 | Abyss:1  | Reached XP level 1. HP: 19/19 MP: 2/2
    29 | Abyss:2  | Found a corrupted altar of Lugonu.
    40 | Abyss:2  | Noticed a worldbinder
    44 | Abyss:2  | Noticed a vault sentinel
    44 | Abyss:2  | Noticed a yaktaur
    44 | D:1      | Escaped the Abyss
   291 | D:1      | Reached * piety under Lugonu
   291 | D:1      | Reached XP level 2. HP: 25/26 MP: 3/3
   558 | D:1      | Reached XP level 3. HP: 25/31 MP: 4/4
  1043 | D:1      | Reached skill level 1 in Dodging
  1311 | D:2      | Found a white marble altar of Elyvilon.
  1472 | D:2      | Found an opulent altar of Gozag.
  1553 | D:2      | Reached ** piety under Lugonu
  1590 | D:2      | Identified the +0 helmet of Privacy {+Fly rF- Str+7 Dex-5}
  1590 | D:2      | Noticed Robin
  1600 | D:2      | Killed Robin
  1600 | D:2      | Reached XP level 4. HP: 34/39 MP: 5/5
  1696 | D:2      | Found a runed translucent door.
  1710 | D:2      | Noticed Crazy Yiuf
  1769 | D:2      | Found a sacrificial altar of Ru.
  2118 | D:2      | Killed Crazy Yiuf
  2341 | D:3      | Reached XP level 5. HP: 36/46 MP: 6/6
  3056 | D:3      | Found a sparkling altar of Nemelex Xobeh.
  3056 | D:3      | Found an ancient bone altar of Kikubaaqudgha.
  3194 | D:3      | Reached *** piety under Lugonu
  3218 | D:3      | Found a glowing silver altar of Zin.
  3808 | D:4      | Noticed an ogre
  3828 | D:4      | Reached XP level 6. HP: 21/52 MP: 8/8
  4015 | D:4      | Slain by an ogre

Illustrated notes

Levels and vault maps discovered:
D:1:      shiori_arrival_maze, layout_basic, minmay_tall_x
D:2:      layout_loops_ring, nicolae_gozag_seed_capital, marbit_many_paths,
          elyvilon_altar_5, uniq_crazy_yiuf_cottage, uniq_robin
D:3:      layout_basic, overflow_temple_1_default,
          chequers_temple_overflow_statue_of_worship
D:4:      layout_cave_pods, grunt_temple_overflow_lords_of_destruction,
          serial_shops, kennysheep_mini_moat, nicolae_ossuary_entry_monument

Skill      XL: |  1  2  3  4  5 |
---------------+----------------+-----
Axes           | 2 3 |  3.1
Dodging        | 1 |  1.6
Armour         | 2 3 |  3.0
Invocations    | 3 |  3.1
Fighting       | |  3.9

Action                   |  1- 3 |  4- 6 || total
-------------------------+-------+-------++-------
Melee: Hand axe          |   105 |   164 ||   269
       Kick              |    19 |    29 ||    48
Invok: Depart the Abyss  |     1 |       ||     1
  Use: Scroll            |     7 |     2 ||     9
  Eat: Chunk             |     1 |     6 ||     7
Armor: Chain mail        |    74 |   128 ||   202
Dodge: Dodged            |    20 |    48 ||    68
Block: Other             |    12 |    45 ||    57

Table legend:
 A = Non-vault XP
 B = Vault XP
 C = Vault XP percentage of total XP
 D = Non-vault monster count
 E = Vault monster count
 F = Vault count percentage of total count
                 A         B        C        D         E       F
            +---------+---------+-------+---------+---------+-------
      Total |     322 |     103 |  24.2 |      66 |      17 |  20.5
            +---------+---------+-------+---------+---------+-------
        D:1 |      36 |      28 |  43.8 |      22 |       6 |  21.4
        D:2 |      34 |      75 |  68.8 |      20 |      11 |  35.5
        D:3 |     117 |       0 |   0.0 |      21 |       0 |   0.0
        D:4 |     135 |       0 |   0.0 |       3 |       0 |   0.0
            +---------+---------+-------+---------+---------+-------
